 Dungeon Crawl Stone Soup version 0.22.0 (webtiles) character file.

675 Gremour the Grappler (level 7, -4/60 HPs)
             Began as a Ghoul Chaos Knight on Aug 10, 2018.
             Slain by a mummy (6 damage)
             ... in an ossuary.
             The game lasted 00:24:56 (4098 turns).

Gremour the Grappler (Ghoul Chaos Knight)           Turns: 4098, Time: 00:24:57

Health: -4/60      AC:  8    Str: 20 (21) XL:     7   Next: 59%
Magic:  6/6        EV: 15    Int:  5 (7)  God:    Xom [.*....]
Gold:   178        SH:  0    Dex: 15      Spells: 6/6 levels left

rFire    . . .     SeeInvis .     - Unarmed
rCold    + . .     Gourm    .   (no shield)
rNeg     + + +     Faith    .   c - +0 scale mail (curse)
rPois    ∞         Spirit   .   (no helmet)
rElec    .         Reflect  .   f - +1 cloak
rCorr    .         Harm     .   (no gloves)
MR       .....                  (no boots)
Stlth    ++........             (no amulet)
HPRegen  0.00/turn              p - ring of stealth
MPRegen  0.10/turn              (no ring)

@: mighty, agile, rotting
A: rotting body, claws 1, carnivore, cold resistance 1, negative energy
resistance 3, inhibited regeneration, torment resistance, unbreathing
a: Renounce Religion


You were in an ossuary.
You worshipped Xom.
You were a plaything of Xom.
You were not hungry.

You visited 1 branch of the dungeon, and saw 5 of its levels.
You also visited: Ossuary.

You collected 178 gold pieces.

Inventory:

Hand Weapons
 w - a +1 longbow
Missiles
 q - 40 arrows (quivered)
Armour
 c - a cursed +0 scale mail (worn)
 f - a +1 cloak (worn)
Jewellery
 p - a ring of stealth (left claw)
Wands
 u - a wand of paralysis (15)
Scrolls
 d - 3 scrolls of remove curse
 i - 3 scrolls of identify
 j - 2 scrolls of enchant weapon
 m - 2 scrolls of teleportation
 o - 2 scrolls of enchant armour
Potions
 a - a potion of resistance
 h - 2 potions of mutation
 l - a potion of heal wounds {unknown}
 n - a potion of degeneration {unknown}
 t - a potion of might
 v - a potion of lignification {unknown}
Comestibles
 b - 15 rations


   Skills:
 * Level 4.9 Fighting
 - Level 1.7 Armour
 - Level 0.8 Dodging
 * Level 8.7 Unarmed Combat


You had 6 spell levels left.
You didn't know any spells.
Your spell library was empty.

Dungeon Overview and Level Annotations

Branches:
Dungeon (5/15)
 Temple: D:4-7

Altars:
The Shining One


Innate Abilities, Weirdness & Mutations

Your body is rotting away.
You thrive on raw meat.
You are immune to poison.
You have sharp fingernails.
You are carnivorous and can eat meat at any time.
Your flesh is cold resistant. (rC+)
You are immune to negative energy. (rN+++)
You do not regenerate when monsters are visible.
You are immune to unholy pain and torment.
You can survive without breathing.


Message History

The big kobold zombie is heavily damaged.
The big kobold zombie hits you but does no damage.
The mummy barely misses you.
You closely miss the big kobold zombie.
The big kobold zombie hits you but does no damage.
You completely miss the big kobold zombie.
You claw the big kobold zombie!
The big kobold zombie is lightly damaged.
The big kobold zombie misses you.
You mangle the big kobold zombie!!
The big kobold zombie is severely damaged.
You claw the mummy!
You destroy the mummy!
The mummy hits you!
* * * LOW HITPOINT WARNING * * *
You claw the big kobold zombie!
The big kobold zombie is almost destroyed.
The mummy hits you.
You die...
Xom chuckles heartily!

#....#
#....#
#....#
#....#
#....#
#....#
#.M..#
#ZM..#
#@MZ.#
######


You could see 3 mummies and 2 big kobold zombies.

Vanquished Creatures
  An ogre (D:5)
  A phantom (D:4)
  2 elf skeletons (D:5)
  A scorpion (D:4)
  A howler monkey (D:5)
  A human zombie (D:5)
  A bullfrog skeleton (D:4)
  A worker ant (D:5)
  A mummy (Ossuary)
  7 adders
  2 worms (D:3)
  3 dart slugs
  A leopard gecko (D:3)
  8 orcs
  9 bats
  A giant cockroach (D:5)
  A gnoll zombie (Ossuary)
  9 goblins
  4 hobgoblins
  13 jackals
  10 kobolds
  3 quokkas
  2 ball pythons (D:3)
  4 frilled lizards
  2 hobgoblin zombies (Ossuary)
  A jackal skeleton (D:4)
  3 kobold zombies (Ossuary)
  A leopard gecko skeleton (D:5)
  7 rats
101 creatures vanquished.

Vanquished Creatures (collateral kills)
  An ogre (D:5)
1 creature vanquished.

Grand Total: 102 creatures vanquished

Notes
Turn   | Place    | Note
-------+----------+-------------------------------------------
     0 | D:1      | Gremour the Ghoul Chaos Knight began the quest for the Orb.
     0 | D:1      | Reached XP level 1. HP: 19/19 MP: 0/0
    79 | D:1      | XOM: harmless Air miscast
   145 | D:1      | Reached XP level 2. HP: 26/26 MP: 1/1
   539 | D:1      | Reached skill level 4 in Unarmed Combat
   661 | D:1      | Reached XP level 3. HP: 31/33 MP: 2/2
  1004 | D:2      | XOM: noise
  1022 | D:2      | XOM is BORED!
  1022 | D:2      | XOM: noise
  1058 | D:2      | Found a glowing golden altar of the Shining One.
  1190 | D:2      | Reached XP level 4. HP: 32/37 MP: 3/3
  1433 | D:3      | Reached skill level 5 in Unarmed Combat
  1555 | D:3      | XOM: 6-stop teleportation journey
  1710 | D:3      | XOM: cleaving
  1846 | D:3      | Reached XP level 5. HP: 44/47 MP: 4/4
  2037 | D:3      | XOM: harmless Erth miscast
  2332 | D:3      | XOM: mild Tmut miscast
  2612 | D:4      | Reached skill level 6 in Unarmed Combat
  2693 | D:4      | XOM: confusion
  2695 | D:4      | Reached XP level 6. HP: 47/53 MP: 5/5
  2994 | D:4      | XOM: summons 3 hostile demons
  3062 | D:4      | XOM is BORED!
  3062 | D:4      | XOM: stat loss: -2 Int (5/7)
  3093 | D:4      | Noticed a phantom
  3095 | D:4      | XOM: summons 4 hostile shadow creatures
  3097 | D:4      | XOM: swap monsters
  3118 | D:4      | XOM: summons 3 hostile demons
  3127 | D:4      | XOM: potion effect (might)
  3137 | D:4      | Killed a phantom
  3553 | D:4      | Reached skill level 7 in Unarmed Combat
  3598 | D:5      | Entered Level 5 of the Dungeon
  3682 | D:5      | Reached XP level 7. HP: 46/58 MP: 6/6
  3986 | D:5      | XOM: medium Pois miscast
  3989 | D:5      | XOM: summons friendly ufetubus
  3993 | D:5      | Reached skill level 8 in Unarmed Combat
  3997 | D:5      | XOM: mild Tloc miscast
  4037 | D:5      | Found a sand-covered staircase.
  4039 | D:5      | XOM: cast spell 'Summon Horrible Things'
  4056 | Ossuary  | Entered an ossuary
  4083 | Ossuary  | XOM: cast spell 'Alistair's Intoxication'
  4097 | Ossuary  | HP: 2/60 [mummy (14)]
  4098 | Ossuary  | Slain by a mummy

Skill      XL: |  1  2  3  4  5  6  7 |
---------------+----------------------+-----
Unarmed Combat | 4 5 6 7 8 |  8.7
Fighting       | 4 |  4.9
Armour         | |  1.7
Dodging        | |  0.8

Action                   |  1- 3 |  4- 6 |  7- 9 || total
-------------------------+-------+-------+-------++-------
Melee: Unarmed           |   115 |   190 |    74 ||   379
       Punch             |       |     2 |     2 ||     4
 Fire: Longbow           |       |     2 |       ||     2
  Use: Scroll            |       |     9 |       ||     9
       Potion            |       |     1 |     4 ||     5
  Eat: Chunk             |     6 |    23 |    12 ||    41
Armor: Leather armour    |    21 |       |       ||    21
       Scale mail        |    38 |    85 |    25 ||   148
Dodge: Dodged            |    54 |    98 |    31 ||   183
